 Dungeon Crawl Stone Soup version 0.14-a0-2091-gca92d1a (webtiles) character file.

500 Kae the Ruinous (level 6, -9/32 HPs)
             Began as a Tengu Fire Elementalist on Jan 25, 2014.
             Mangled by an ogre
             ... wielding a +0,+0 giant spiked club
              (16 damage)
             ... on Level 5 of the Dungeon.
             The game lasted 00:05:05 (3276 turns).

Kae the Ruinous (Tengu Fire Elementalist)           Turns: 3276, Time: 00:05:05

HP  -9/32        AC  2     Str  8      XL: 6   Next: 41%
MP   9/15        EV 12     Int 17      God:
Gold 190         SH  0     Dex 15      Spells:  4 memorised,  1 level left

rFire  . . .     SeeInvis .     l - +2,+4 whip (curse)
rCold  . . .     Clarity  .     a - +0 robe
rNeg   . . .     Conserve .     (no shield)
rPois  .         rCorr    .     (helmet restricted)
rElec  .         rRot     .     (no cloak)
SustAb . .       Spirit   .     (no gloves)
rMut   .         Warding  .     (boots unavailable)
Saprov . . .     Stasis   .     (no amulet)
MR     .....                    (no ring)
                                w - ring of invisibility

@: very slightly contaminated, not resistant to hostile enchantments, fairly
stealthy
A: able to fly, beak, talons 3
a: Fly, Evoke Invisibility


You were on level 5 of the Dungeon.
You were hungry.

You visited 1 branch of the dungeon, and saw 5 of its levels.

You collected 190 gold pieces.

Inventory:

Hand weapons
 g - a +0,+0 dagger
 l - a cursed +2,+4 whip (weapon)
Armour
 a - a +0 robe (worn)
Magical devices
 v - a wand of fire (15) {unknown}
 z - a wand of flame (7) {unknown}
Comestibles
 c - 4 bread rations
 i - 3 chokos
 n - a meat ration
 r - a pear
Scrolls
 h - 2 scrolls of teleportation
 s - a scroll of fear
Jewellery
 w - a ring of invisibility (left hand)
Potions
 d - a potion of restore abilities
 f - 2 potions of heal wounds
 j - a potion of paralysis {unknown}
 m - 2 potions of resistance
 q - a potion of speed {unknown}
 t - a potion of curing {unknown}
 u - a potion of blood
Books
 b - a book of Flames

   Spells                             Type                      Level
   *Flame Tongue                      Conjuration/Fire             1
   *Throw Flame                       Conjuration/Fire             2
   *Conjure Flame                     Conjuration/Fire             3
   Inner Flame                        Hexes/Fire                   3
   *Sticky Flame                      Conjuration/Fire             4
   Fireball                           Conjuration/Fire             5


   Skills:
 - Level 2.1 Dodging
 - Level 2.0 Stealth
 + Level 3.3 Spellcasting
 * Level 5.5 Conjurations
 * Level 5.1 Fire Magic


You had one spell level left.
You knew the following spells:

 Your Spells              Type           Power        Failure   Level  Hunger
a - Flame Tongue          Conj/Fire      ###..        1%          1    None
b - Throw Flame           Conj/Fire      ###...       2%          2    ##.....
c - Conjure Flame         Conj/Fire      ###.....     8%          3    ###....
d - Sticky Flame          Conj/Fire      ###.....     21%         4    ####...


Dungeon Overview and Level Annotations

Branches:
Dungeon (5/16)
 Temple: D:4-7

Altars:
Ashenzari
Yredelemnul

Annotations:
D:2 Sigmund


Innate Abilities, Weirdness & Mutations

You can fly.
You have a beak for a mouth.
You have claws for feet.


Message History

The ogre hits you with a giant spiked club!
Ouch! That really hurt!
* * * LOW HITPOINT WARNING * * *
Casting: Flame Tongue
Confirm with . or Enter, or press ? or * to list all spells.
Aiming: Flame Tongue
Press: ? - help, Shift-Dir - straight line, f/p - ogre
Aim: an ogre, wielding a giant spiked club The flame hits the ogre.
The ogre is lightly wounded.
Casting: Flame Tongue
Confirm with . or Enter, or press ? or * to list all spells.
Aiming: Flame Tongue
Press: ? - help, Shift-Dir - straight line, f/p - ogre
Aim: an ogre, wielding a giant spiked club (lightly wounded)
The flame hits the ogre.
The ogre is heavily wounded.
The ogre hits you with a giant spiked club!
Ouch! That really hurt!
You die...

..#....# #.###.#
#...c5.... .......
#!###..###. #.....#
#. ...# #.. ..# %.
...# #.. ..# ## . #.#
#.# # #.# #.#
#...##.##5###.###.#
.......O@.........#
..
###.##.##............
... # #....###..###
.. #....# #... ##
#....# ... #....# .
#.#### ..# .##


You could see an ogre and a crimson imp.

Vanquished Creatures
  An ogre (D:4)
  A giant goldfish zombie (D:3)
  Terence (D:2)
  5 adders
  A gnoll (D:2)
  A big fish zombie (D:3)
  A giant gecko (D:2)
  4 orcs
  3 ball pythons (D:1)
  17 bats
  A bat skeleton (D:4)
  14 hobgoblins
  3 oozes
  A quokka (D:2)
  5 giant cockroaches
  7 giant newts
  7 goblins
  10 jackals
  9 kobolds
  6 rats
98 creatures vanquished.

Notes
Turn   | Place    | Note
--------------------------------------------------------------
     0 | D:1      | Kae, the Tengu Fire Elementalist, began the quest for the Orb.
     0 | D:1      | Reached XP level 1. HP: 10/10 MP: 3/3
   105 | D:1      | Reached XP level 2. HP: 3/15 MP: 0/5
   722 | D:1      | Reached XP level 3. HP: 15/19 MP: 4/7
  1031 | D:2      | Reached skill level 4 in Fire Magic
  1308 | D:2      | Reached XP level 4. HP: 21/24 MP: 3/9
  1591 | D:2      | Noticed Sigmund
  1693 | D:2      | Noticed Terence
  1716 | D:2      | Killed Terence
  2046 | D:2      | Reached XP level 5. HP: 16/28 MP: 11/11
  2267 | D:3      | Found a shattered altar of Ashenzari.
  2635 | D:3      | Reached skill level 5 in Conjurations
  2679 | D:3      | Found a basalt altar of Yredelemnul.
  2745 | D:4      | Noticed an ogre
  2750 | D:4      | Learned a level 2 spell: Throw Flame
  2754 | D:4      | Learned a level 3 spell: Conjure Flame
  2761 | D:4      | Learned a level 4 spell: Sticky Flame
  2872 | D:4      | Killed an ogre
  2872 | D:4      | Reached skill level 5 in Fire Magic
  2872 | D:4      | Reached XP level 6. HP: 32/32 MP: 6/15
  3199 | D:5      | Entered Level 5 of the Dungeon
  3276 | D:5      | Mangled by an ogre

Action                   |  1- 3 |  4- 6 || total
-------------------------+-------+-------++-------
Melee: Unarmed           |    33 |       ||    33
       Dagger            |    19 |     1 ||    20
       Whip              |       |    80 ||    80
 Cast: Flame Tongue      |    53 |    55 ||   108
       Conjure Flame     |       |     1 ||     1
  Use: Potion            |       |     1 ||     1
       Scroll            |       |    10 ||    10
 Stab: Sleeping          |       |     5 ||     5
